 Dungeon Crawl Stone Soup version 0.28-a0-612-gcfc00ec14d (webtiles) character file.

Game seed: 2950546972932181113

387 sleeves the Conjurer (level 6, -5/36 HPs)
             Began as an Octopode Hedge Wizard on Oct 5, 2021.
             Slain by a centaur (8 damage)
             ... on level 5 of the Dungeon.
             The game lasted 00:05:12 (4825 turns).

sleeves the Conjurer (Octopode Hedge Wizard)        Turns: 4825, Time: 00:05:13

Health: -5/36      AC:  1    Str: 10    XL:     6   Next: 78%
Magic:  10/10      EV: 17    Int: 18    God:
Gold:   196        SH:  0    Dex: 11    Spells: 5/11 levels left

rFire   . . .      SeeInvis .   a - +0 dagger
rCold   . . .      Faith    .   (no shield)
rNeg    . . .      Spirit   .   b - +0 hat
rPois   .          Reflect  .   (no amulet)
rElec   .          Harm     .   h - ring of willpower
rCorr   .          Rampage  .   n - +4 ring of evasion
Will    +....                   (no ring)
Stlth   +++.......              (no ring)
HPRegen 0.12/turn               (no ring)
MPRegen 0.12/turn               (no ring)
                                (no ring)
                                (no ring)

@: hasted, very quick
A: almost no armour, amphibious, 8 rings, camouflage 1, gelatinous body 1,
(nimble swimmer 1), tentacles
a: no special abilities


You were on level 5 of the Dungeon.
You visited 1 branch of the dungeon, and saw 5 of its levels.

You collected 196 gold pieces.

Inventory:

Hand Weapons
 a - a +0 dagger (weapon)
 p - a +0 spear
   (You took it off a goblin on level 2 of the Dungeon)
Armour
 b - a +0 hat (worn)
 o - a +0 kite shield
   (You took it off a goblin on level 2 of the Dungeon)
Jewellery
 h - a ring of willpower (left tentacle)
   (You found it on level 1 of the Dungeon)
 n - a +4 ring of evasion (right tentacle)
   (You found it on level 2 of the Dungeon)
Scrolls
 c - a scroll of enchant armour {unknown}
 g - a scroll of torment {unknown}
 i - 5 scrolls of identify {unknown}
 j - 4 scrolls of teleportation {unknown}
 m - a scroll of immolation {unknown}
 r - a scroll of fear {unknown}
 s - a scroll of amnesia {unknown}
 t - a scroll of magic mapping {unknown}
 u - a scroll of summoning {unknown}
Potions
 e - 2 potions of haste
 f - a potion of ambrosia {unknown}
 k - a potion of curing {unknown}
 l - a potion of might {unknown}
 q - 2 potions of mutation {unknown}
 v - a potion of degeneration {unknown}


   Skills:
 - Level 2.0 Dodging
 - Level 2.6 Stealth
 - Level 3.0 Spellcasting
 + Level 6.7 Conjurations
 - Level 1.0 Summonings
 - Level 1.0 Translocations


You had 5 spell levels left.
You knew the following spells:

 Your Spells              Type           Power      Damage    Failure   Level
a - Magic Dart            Conj           100%       1d8       1%          1
b - Blink                 Tloc           N/A        N/A       16%         2
c - Mephitic Cloud        Conj/Pois/Air  10%        N/A       19%         3

Your spell library contained the following spells:

 Spells                   Type           Power      Damage    Failure   Level
 Conjure Flame            Conj/Fire      14%        6-21      12%         3
 Call Imp                 Summ           6%         N/A       16%         2
 Ensorcelled Hibernation  Hex/Ice        4%         N/A       24%         2
 Slow                     Hex            2%         N/A       24%         2
 Tukima's Dance           Hex            2%         N/A       43%         3


Dungeon Overview and Level Annotations

Branches:
Dungeon (5/15)
 Temple: D:4-7

Altars:
Okawaru
Uskayaw

Shops:
D:2 =   D:5 *


Innate Abilities, Weirdness & Mutations

You cannot wear most types of armour.
You are amphibious.
You can wear up to eight rings at the same time.
Your skin changes colour to match your surroundings (Stealth+).
Your rubbery body absorbs attacks. (AC +1, EV +1)
((You are camouflaged near water. (Stealth+)))
You have tentacles for arms and can constrict up to eight enemies at once.


Message History

Found a hide-covered altar of Uskayaw.
Found a stone staircase leading down.
A frilled lizard comes into view.
The magic dart hits the frilled lizard.
The frilled lizard is heavily wounded.
The frilled lizard hisses angrily.
The magic dart hits the frilled lizard.
You kill the frilled lizard!
No target in view!
Magic restored.
You now have 81 gold pieces (gained 7).
A goblin comes into view. It is wielding a +0 club.
A goblin is nearby!
A goblin is nearby!
A goblin is nearby!
The magic dart hits the goblin.
You kill the goblin!
You can't see any susceptible monsters within range! (Use Z to cast anyway.)
You can't see any susceptible monsters within range! (Use Z to cast anyway.)
A ball python comes into view.
A ball python is nearby!
A ball python is nearby!
The magic dart hits the ball python.
You kill the ball python!
You can't see any susceptible monsters within range! (Use Z to cast anyway.)
You can't see any susceptible monsters within range! (Use Z to cast anyway.)
You see here a ball python corpse.
You see here a +0 club.
A ball python comes into view.
A ball python is nearby!
A ball python is nearby!
The magic dart hits the ball python.
The ball python is severely wounded.
The ball python hisses angrily.
The magic dart hits the ball python.
You kill the ball python!
You can't see any susceptible monsters within range! (Use Z to cast anyway.)
A bat and a kobold come into view.
There are monsters nearby!
There are monsters nearby!
The magic dart hits the bat.
The bat is severely wounded.
The bat hits you.
The magic dart hits the bat.
You kill the bat!
The magic dart hits the kobold but does no damage.
The kobold barely misses you.
The magic dart hits the kobold.
The kobold is heavily wounded.
The kobold closely misses you.
The magic dart hits the kobold.
You kill the kobold!
You can't see any susceptible monsters within range! (Use Z to cast anyway.) HP restored.
Things that are here:
a +0 whip; a kobold corpse You see here a bat corpse.
A hobgoblin comes into view.
A hobgoblin is nearby!
A hobgoblin is nearby!
The magic dart hits the hobgoblin.
The hobgoblin is moderately wounded.
The hobgoblin shouts!
The magic dart hits the hobgoblin.
The hobgoblin is severely wounded.
The magic dart hits the hobgoblin but does no damage.
The hobgoblin is severely wounded.
The magic dart hits the hobgoblin.
You kill the hobgoblin!
Found a stone staircase leading down.
j - a scroll labelled ELAEFR LUNEAGU A kobold comes into view.
It is wielding a +0 dagger.
A kobold is nearby!
A kobold is nearby!
The magic dart hits the kobold but does no damage.
The magic dart hits the kobold.
The kobold is moderately wounded.
The kobold throws a stone.
The stone closely misses you.
The magic dart hits the kobold.
You kill the kobold!
Things that are here:
a +0 dagger; 3 stones; a kobold corpse
Found a stone staircase leading up.
k - a silvery potion An endoplasm comes into view.
An endoplasm is nearby!
An endoplasm is nearby!
The magic dart hits the endoplasm.
The endoplasm is heavily wounded.
The endoplasm quivers.
The magic dart hits the endoplasm.
You kill the endoplasm!
You can't see any susceptible monsters within range! (Use Z to cast anyway.)
A kobold comes into view. It is wielding a +0 whip.
A kobold is nearby!
A kobold is nearby!
A kobold is nearby!
The magic dart hits the kobold.
You kill the kobold!
You can't see any susceptible monsters within range! (Use Z to cast anyway.)
You can't see any susceptible monsters within range! (Use Z to cast anyway.)
There is a stone staircase leading up here.
You see here a +0 whip.
j - 2 scrolls labelled ELAEFR LUNEAGU (gained 1)
Found a ring mail.
Found a leather armour.
l - a fizzy emerald potion
m - a scroll labelled KIEP ONIHIG
There is a hide-covered altar of Uskayaw here.
A rat comes into view.
Found a tubular diamond ring.
Found an escape hatch in the ceiling.
A rat is nearby!
A rat is nearby!
A rat is nearby!
The magic dart hits the rat.
The rat is severely wounded.
The magic dart hits the rat.
You kill the rat!
You can't see any susceptible monsters within range! (Use Z to cast anyway.)
You can't see any susceptible monsters within range! (Use Z to cast anyway.)
Found 9 stones.
n - a +4 ring of evasion
Found Taiver's Jewellery Emporium.
n - a +4 ring of evasion (right tentacle)
There is an entrance to Taiver's Jewellery Emporium here.
You can access your shopping list by pressing '$'.
You see here a rat corpse.
Found a stone staircase leading up.
A goblin comes into view. It is wielding a +0 spear.
A goblin is nearby!
A goblin is nearby!
A goblin is nearby!
A goblin is nearby!
The magic dart hits the goblin.
You kill the goblin!
You can't see any susceptible monsters within range! (Use Z to cast anyway.)
You can't see any susceptible monsters within range! (Use Z to cast anyway.)
You can't see any susceptible monsters within range! (Use Z to cast anyway.)
An adder comes into view.
The magic dart hits the adder.
The adder is lightly wounded.
The magic dart hits the adder.
The adder is moderately wounded.
The magic dart hits the adder.
The adder is heavily wounded.
The adder barely misses you.
The magic dart hits the adder.
The adder is almost dead.
The adder barely misses you. The adder misses you.
The magic dart hits the adder.
You kill the adder!
You can't see any susceptible monsters within range! (Use Z to cast anyway.)
i - 2 scrolls labelled ANOURORRU (gained 1)
Things that are here:
a +0 spear; a +0 kite shield; a goblin corpse
o - a +0 kite shield
p - a +0 spear
Found an escape hatch in the floor.
Found a chain mail.
q - a green potion
Found a club.
Found a stone staircase leading down.
i - 3 scrolls labelled ANOURORRU (gained 1)
There is a stone staircase leading down here.
Done exploring.
Done exploring.
Done exploring.
Done exploring.
Done exploring.
Done exploring.
Done exploring.
Done exploring.
Done exploring.
(D) Dungeon
Where to? (Enter - D:2, ? - help)
There is a stone staircase leading down here.
You climb downwards.
There is a stone staircase leading up here.
A goblin is nearby!
A goblin is nearby!
A goblin is nearby!
A goblin is nearby!
The magic dart hits the goblin.
You kill the goblin!
Magic restored.
Things that are here:
a +0 club; a goblin corpse You open the door.
There is an open door here.
You open the door.
Found a mace.
Found an escape hatch in the floor.
A hobgoblin comes into view.
There is an open door here.
A hobgoblin is nearby!
A hobgoblin is nearby!
The magic dart hits the hobgoblin.
The hobgoblin is lightly wounded.
The magic dart hits the hobgoblin.
The hobgoblin is severely wounded.
The magic dart hits the hobgoblin.
The hobgoblin is almost dead.
The magic dart hits the hobgoblin but does no damage.
The hobgoblin is almost dead.
A hobgoblin is nearby!
A hobgoblin is nearby!
The magic dart hits the hobgoblin.
You kill the hobgoblin!
You can't see any susceptible monsters within range! (Use Z to cast anyway.)
r - a scroll labelled DEEKINIGHA A rat comes into view.
A rat is nearby!
A rat is nearby!
Found 11 gold pieces.
The rat completely misses you.
You hit the rat. You grab the rat. You squeeze the rat.
You kill the rat!
No target in view!
You now have 92 gold pieces (gained 11).
An orc comes into view. It is wielding a +0 dagger.
An orc is nearby!
An orc is nearby!
The magic dart hits the orc but does no damage.
The orc shouts!
The magic dart hits the orc but does no damage.
The magic dart hits the orc but does no damage.
The magic dart hits the orc but does no damage.
The magic dart hits the orc but does no damage.
The orc barely misses you.
The magic dart hits the orc but does no damage.
The orc completely misses you.
The magic dart hits the orc.
The orc is heavily wounded.
* * * LOW MAGIC WARNING * * *
The orc misses you.
You are too depleted to draw on your mana recklessly!
You are too depleted to draw on your mana recklessly!
You are too depleted to draw on your mana recklessly!
You barely miss the orc. You grab the orc.
The orc is heavily wounded.
You constrict the orc. The orc hits you with a +0 dagger.
You hit the orc.
You kill the orc!
No target in view!
HP restored.
Things that are here:
a +0 dagger; a +0 chain mail This spell is potentially lethal to cast!
Memorise Mephitic Cloud, consuming 3 spell levels and leaving 2?
You start memorising the spell.
You continue memorising. x3
You finish memorising.
Spell assigned to 'c'.
Okay, then.
A quokka comes into view.
A quokka is nearby!
A quokka is nearby!
A quokka is nearby!
Okay, then.
The magic dart hits the quokka.
The quokka is severely wounded.
The magic dart hits the quokka.
You kill the quokka!
You can't see any susceptible monsters within range! (Use Z to cast anyway.)
A hobgoblin comes into view.
A hobgoblin is nearby!
A hobgoblin is nearby!
A hobgoblin is nearby!
The magic dart hits the hobgoblin.
The hobgoblin is almost dead.
The hobgoblin shouts!
The magic dart hits the hobgoblin but does no damage.
The hobgoblin is almost dead.
The magic dart hits the hobgoblin.
You kill the hobgoblin!
You have reached level 4!
You see here a hobgoblin corpse.
There is a stone staircase leading up here.
An adder comes into view.
An adder is nearby!
An adder is nearby!
An adder is nearby!
The helpless adder fails to defend itself.
You puncture the adder! Your grab misses the adder.
The adder is almost dead.
The adder bites you but does no damage.
You hit the adder. Your grab misses the adder.
You squeeze the adder, but do no damage.
The adder is almost dead.
The adder barely misses you. The adder misses you.
You closely miss the adder. You grab the adder.
The adder is almost dead.
You constrict the adder. The adder misses you.
You hit the adder.
You kill the adder!
You see here an adder corpse.
e - 3 black potions (gained 1)
Found a stone staircase leading down.
There is a stone staircase leading down here.
You open the door.
There is an open door here.
You open the door.
There is an open door here.
Found a dagger.
A goblin comes into view. It is wielding a +0 dagger.
A goblin is nearby!
The magic dart hits the goblin.
The goblin is heavily wounded.
The goblin shouts!
The magic dart hits the goblin.
You kill the goblin!
You can't see any susceptible monsters within range! (Use Z to cast anyway.)
You see here a +0 dagger.
Things that are here:
a +0 dagger; a goblin corpse A goblin comes into view.
It is wielding a +0 dagger.
A goblin is nearby!
A goblin is nearby!
The magic dart hits the goblin.
You kill the goblin!
You can't see any susceptible monsters within range! (Use Z to cast anyway.)
You can't see any susceptible monsters within range! (Use Z to cast anyway.)
An adder comes into view.
Found a stone staircase leading up.
An adder is nearby!
An adder is nearby!
An adder is nearby!
The magic dart hits the adder.
The adder is lightly wounded.
The magic dart hits the adder.
The adder is moderately wounded.
You can't see any susceptible monsters within range! (Use Z to cast anyway.)
You can't see any susceptible monsters within range! (Use Z to cast anyway.) No target in view!
An adder is nearby!
The magic dart hits the adder.
The adder is severely wounded.
The magic dart hits the adder but does no damage.
The adder is severely wounded.
The adder barely misses you.
The magic dart hits the adder.
The adder is severely wounded.
The adder barely misses you.
An adder is nearby!
The magic dart hits the adder.
The adder is severely wounded.
The adder bites you.
The magic dart hits the adder.
The adder is almost dead.
* * * LOW MAGIC WARNING * * *
The adder misses you. The adder bites you.
The magic dart hits the adder.
You kill the adder!
* * * LOW MAGIC WARNING * * *
Your Conjurations skill increases to level 4!
Found an escape hatch in the ceiling.
An orc comes into view. It is wielding a +0 short sword.
An orc is nearby!
An orc is nearby!
The magic dart hits the orc but does no damage.
The orc shouts!
You can't see any susceptible monsters within range! (Use Z to cast anyway.)
An orc is nearby!
The magic dart hits the orc.
The orc is moderately wounded.
The magic dart hits the orc but does no damage.
The orc is moderately wounded.
The magic dart hits the orc but does no damage.
The orc is moderately wounded.
The magic dart hits the orc but does no damage.
The orc is moderately wounded.
The magic dart hits the orc but does no damage.
The orc is moderately wounded.
The magic dart hits the orc but does no damage.
The orc is moderately wounded.
* * * LOW MAGIC WARNING * * *
The orc misses you.
The magic dart hits the orc but does no damage.
The orc is moderately wounded.
* * * LOW MAGIC WARNING * * *
The orc barely misses you.
The magic dart hits the orc.
The orc is severely wounded.
* * * LOW MAGIC WARNING * * *
The orc barely misses you.
You are too depleted to draw on your mana recklessly!
You hit the orc but do no damage. Your grab misses the orc.
The orc is severely wounded.
The orc closely misses you.
You barely miss the orc. Your grab misses the orc.
The orc is severely wounded.
The orc hits you with a +0 short sword.
You hit the orc but do no damage. You grab the orc.
The orc is severely wounded.
You constrict the orc, but do no damage.
The orc barely misses you.
You hit the orc.
You kill the orc!
No target in view!
Found 18 arrows.
Things that are here:
a +0 short sword; a +0 scale mail
Things that are here:
a +0 short sword; a +0 scale mail
There is an escape hatch in the ceiling here.
Found a stone staircase leading down.
There is a stone staircase leading down here.
Found a spear.
You see here a +0 spear.
Found a stone staircase leading down.
Found a stone staircase leading up.
Found 20 stones.
A hobgoblin comes into view.
Found a mace.
A hobgoblin is nearby!
A hobgoblin is nearby!
A hobgoblin is nearby!
The magic dart hits the hobgoblin.
The hobgoblin is heavily wounded.
The hobgoblin shouts!
A dart slug comes into view.
The magic dart hits the hobgoblin.
You kill the hobgoblin!
The magic dart hits the dart slug.
The dart slug is lightly wounded.
A ball python comes into view.
The magic dart hits the dart slug.
The dart slug is severely wounded.
The ball python hisses angrily.
The magic dart hits the dart slug but does no damage.
The dart slug is severely wounded.
The magic dart hits the dart slug.
The dart slug is almost dead.
The dart slug launches a dart at you. The slug dart hits you.
The magic dart hits the dart slug.
The dart slug is almost dead.
* * * LOW MAGIC WARNING * * *
The magic dart hits the dart slug.
You kill the dart slug!
* * * LOW MAGIC WARNING * * *
You are too depleted to draw on your mana recklessly!
You are too depleted to draw on your mana recklessly!
You are too depleted to draw on your mana recklessly!
You hit the ball python.
You kill the ball python!
No target in view!
No target in view!
Things that are here:
a ball python corpse; a dart slug corpse You open the door.
There is an open door here.
i - 4 scrolls labelled ANOURORRU (gained 1)
You open the door.
There is an open door here.
A rat comes into view.
A rat is nearby!
A rat is nearby!
The magic dart hits the rat.
You kill the rat!
You can't see any susceptible monsters within range! (Use Z to cast anyway.)
You can't see any susceptible monsters within range! (Use Z to cast anyway.)
You open the large door.
There is a large open door here.
You open the large door.
There is a large open door here.
Found an escape hatch in the ceiling.
A rat comes into view.
A rat is nearby!
A rat is nearby!
You miscast Magic Dart.
You are very lightly contaminated with residual magic.
Nothing appears to happen.
The magic dart hits the rat.
You kill the rat!
You can't see any susceptible monsters within range! (Use Z to cast anyway.)
You can't see any susceptible monsters within range! (Use Z to cast anyway.)
Your magical contamination has completely faded away.
There is an open door here.
Key pressed, stopping explore.
You open the large door.
There is a large open door here.
You open the large door.
There is a large open door here.
There is a large open door here.
There is a large open door here.
A kobold comes into view. It is wielding a +0 short sword.
You see here a rat corpse.
A kobold is nearby!
A kobold is nearby!
The magic dart hits the kobold but does no damage.
The kobold shouts!
The magic dart hits the kobold.
You kill the kobold!
You can't see any susceptible monsters within range! (Use Z to cast anyway.)
Things that are here:
a +0 short sword; a kobold corpse
Found 10 poisoned darts.
You see here 10 poisoned darts.
There is an open door here.
You see here 20 stones.
You see here a ball python skeleton.
You see here a +0 spear.
A kobold comes into view. It is wielding a +0 short sword.
A kobold is nearby!
A kobold is nearby!
The magic dart hits the kobold but does no damage.
The magic dart hits the kobold.
You kill the kobold!
You can't see any susceptible monsters within range! (Use Z to cast anyway.)
You can't see any susceptible monsters within range! (Use Z to cast anyway.)
You now have 107 gold pieces (gained 15).
Things that are here:
a +0 short sword; 4 stones You now have 117 gold pieces (gained 10).
You open the door.
There is an open door here.
Done exploring.
Done exploring.
Done exploring.
Done exploring.
(D) Dungeon
Where to? (Enter - D:3, ? - help)
There is a stone staircase leading down here.
You climb downwards.
Found a scroll labelled LIOPITOMAGI and 18 gold pieces.
There is a stone staircase leading up here.
A ball python is nearby!
A ball python is nearby!
A ball python is nearby!
The magic dart hits the ball python.
You kill the ball python!
You can't see any susceptible monsters within range! (Use Z to cast anyway.)
You can't see any susceptible monsters within range! (Use Z to cast anyway.)
You can't see any susceptible monsters within range! (Use Z to cast anyway.) Magic restored.
You now have 135 gold pieces (gained 18).
i - 5 scrolls labelled ANOURORRU (gained 1)
Found 18 stones.
Found a stone staircase leading up.
s - a scroll labelled ONUTZAITAG An adder comes into view.
The magic dart hits the adder.
The adder is heavily wounded.
The adder hisses angrily.
The magic dart hits the adder.
The adder is severely wounded.
You miscast Magic Dart.
You are very lightly contaminated with residual magic.
Nothing appears to happen.
The magic dart hits the adder.
The adder is almost dead.
An adder is nearby!
An adder is nearby!
The magic dart hits the adder.
You kill the adder!
You can't see any susceptible monsters within range! (Use Z to cast anyway.)
You can't see any susceptible monsters within range! (Use Z to cast anyway.)
Your magical contamination has completely faded away.
You see here an adder corpse.
Found a stone staircase leading down.
q - 2 green potions (gained 1)
An adder comes into view.
An adder is nearby!
The magic dart hits the adder.
The adder is lightly wounded.
The adder hisses angrily.
The magic dart hits the adder but does no damage.
The adder is lightly wounded.
The magic dart hits the adder.
The adder is heavily wounded.
The adder barely misses you. x2
The magic dart hits the adder.
The adder is almost dead.
The adder misses you.
The magic dart hits the adder.
You kill the adder!
You can't see any susceptible monsters within range! (Use Z to cast anyway.)
You see here an adder corpse.
t - a scroll labelled LIOPITOMAGI
u - a scroll labelled COXAULIYQYO
Found a bardiche.
Found a robe.
Found a chain mail.
You now have 146 gold pieces (gained 11).
A worm comes into view.
The magic dart hits the worm but does no damage.
You miscast Magic Dart.
You are very lightly contaminated with residual magic.
Nothing appears to happen.
The magic dart hits the worm.
The worm is moderately wounded.
The magic dart hits the worm.
The worm is moderately wounded.
The magic dart hits the worm.
The worm is heavily wounded.
The magic dart hits the worm.
The worm is severely wounded.
The magic dart hits the worm.
You kill the worm!
* * * LOW MAGIC WARNING * * *
You can't see any susceptible monsters within range! (Use Z to cast anyway.)
You can't see any susceptible monsters within range! (Use Z to cast anyway.)
You can't see any susceptible monsters within range! (Use Z to cast anyway.)
Your magical contamination has completely faded away.
As you open the door, it creaks loudly!
Key pressed, stopping explore.
There is an open door here.
Found a stone staircase leading down.
v - a cyan potion You now have 156 gold pieces (gained 10).
As you open the door, it creaks loudly!
Found 15 stones.
Found an escape hatch in the floor.
There is an open door here.
A hound skeleton comes into view.
A hound skeleton is nearby!
The magic dart hits the hound skeleton.
The hound skeleton is moderately damaged.
The magic dart hits the hound skeleton.
The hound skeleton is heavily damaged.
The magic dart hits the hound skeleton.
The hound skeleton is almost destroyed.
The magic dart hits the hound skeleton.
The hound skeleton is almost destroyed.
The magic dart hits the hound skeleton.
The hound skeleton is almost destroyed.
The hound skeleton bites you.
The magic dart hits the hound skeleton.
You destroy the hound skeleton!
You have reached level 5!
You feel stronger.
HP restored.
Found a stone staircase leading down.
A shadow imp comes into view.
Found a club.
A shadow imp is nearby!
A shadow imp is nearby!
The magic dart hits the shadow imp but does no damage.
The shadow imp shouts, "Back with thee, thou pandering pigeon-egg whip-jack!"
You hear an angry hiss.
The magic dart hits the shadow imp.
The shadow imp is heavily wounded.
An iguana comes into view.
The magic dart hits the shadow imp.
The shadow imp is severely wounded.
The shadow imp gestures at you. Pain shoots through your body!
The magic dart hits the shadow imp but does no damage.
The shadow imp is severely wounded.
The magic dart hits the shadow imp.
You kill the shadow imp!
The magic dart hits the iguana but does no damage.
The magic dart hits the iguana but does no damage.
The magic dart hits the iguana.
The iguana is lightly wounded.
* * * LOW MAGIC WARNING * * *
The magic dart hits the iguana.
The iguana is moderately wounded.
* * * LOW MAGIC WARNING * * *
The magic dart hits the iguana but does no damage.
The iguana is moderately wounded.
* * * LOW MAGIC WARNING * * *
The iguana misses you.
You barely miss the iguana. You grab the iguana.
The iguana is moderately wounded.
You constrict the iguana. The iguana bites you!
You hit the iguana but do no damage.
The iguana is heavily wounded.
You constrict the iguana. The iguana misses you.
You hit the iguana but do no damage.
The iguana is heavily wounded.
You constrict the iguana, but do no damage.
The iguana closely misses you.
You hit the iguana but do no damage. You squeeze the iguana.
The iguana is almost dead.
You constrict the iguana, but do no damage.
The iguana barely misses you.
You hit the iguana but do no damage.
The iguana is almost dead.
You constrict the iguana. The iguana misses you.
You completely miss the iguana.
The iguana is almost dead.
You constrict the iguana. The iguana misses you.
You hit the iguana but do no damage.
The iguana is almost dead.
You constrict the iguana, but do no damage.
The iguana closely misses you.
You barely miss the iguana. Your squeeze misses the iguana.
The iguana is almost dead.
You constrict the iguana. The iguana barely misses you.
You hit the iguana.
You kill the iguana!
Your Conjurations skill increases to level 5!
A ball python comes into view.
A ball python is nearby!
A ball python is nearby!
A ball python is nearby!
Found a mace.
A ball python is nearby!
A ball python is nearby!
The magic dart hits the ball python.
You kill the ball python!
You can't see any susceptible monsters within range! (Use Z to cast anyway.)
There is a stone staircase leading down here.
Found an escape hatch in the ceiling.
You now have 166 gold pieces (gained 10).
Found a scale mail.
Found a hunting sling.
Found a pair of boots and a flail.
You now have 172 gold pieces (gained 6).
You open the door.
There is an open door here.
You now have 180 gold pieces (gained 8).
You open the door.
There is an open door here.
There is a stone staircase leading down here.
There is a stone staircase leading down here.
You open the door.
Found an iron altar of Okawaru.
You see here a ball python skeleton.
There is a shaft here.
You open the door.
There is an open door here.
Found a dagger.
An ogre comes into view. It is wielding a +0 giant club.
The magic dart hits the ogre.
The ogre is lightly wounded.
The ogre shouts!
An adder comes into view.
The magic dart hits the ogre.
The ogre is moderately wounded.
The adder hisses angrily.
The magic dart hits the ogre but does no damage.
The ogre is moderately wounded.
The magic dart hits the ogre.
The ogre is moderately wounded.
Unknown command.
Casting: Magic Dart (safe; 2% risk of failure)
Confirm with . or Enter, or press ? or * to list all spells.
The spell is quite dangerous to cast (26% risk of failure)!
Continue anyway?
Aiming: Mephitic Cloud (quite dangerous; 26% risk of failure)
Press: ? - help, Shift-Dir - straight line, f/p - ogre
Aim: an ogre, wielding a +0 giant club (moderately wounded, chance to affect: 77%)
The ball explodes into a vile cloud!
The stinking cloud engulfs the ogre but does no damage.
The ogre is moderately wounded.
The stinking cloud engulfs the adder but does no damage.
The ogre is engulfed in noxious fumes.
The ogre appears confused.
You barely miss the adder. Your grab misses the adder.
The adder closely misses you.
You hit the adder. You grab the adder.
The adder is moderately wounded.
You constrict the adder. The adder barely misses you.
The ogre barely misses the adder.
You barely miss the adder.
The adder is heavily wounded.
You constrict the adder. The adder bites you.
The ogre barely misses the adder.
The adder barely misses you.
You barely miss the adder.
The adder is heavily wounded.
You constrict the adder. The adder completely misses you.
You hit the adder.
You kill the adder!
You see here an adder corpse.
There is an open door here.
You hit the ogre but do no damage.
The ogre is heavily wounded.
The ogre cries.
The ogre barely misses you.
You hit the ogre but do no damage. You squeeze the ogre, but do no damage.
The ogre is heavily wounded.
You hit the ogre. Your squeeze misses the ogre.
The ogre is heavily wounded.
You hit the ogre.
The ogre is heavily wounded.
The magic dart hits the ogre but does no damage.
The ogre is heavily wounded.
The magic dart hits the ogre.
The ogre is heavily wounded.
* * * LOW MAGIC WARNING * * *
The ogre seems less confused.
You hit the ogre. Your squeeze misses the ogre.
The ogre is severely wounded.
The ogre completely misses you.
You hit the ogre but do no damage.
The ogre is severely wounded.
The ogre barely misses you.
You hit the ogre.
The ogre is severely wounded.
The ogre completely misses you.
You hit the ogre.
The ogre is severely wounded.
You hit the ogre. You squeeze the ogre, but do no damage.
The ogre is almost dead.
The ogre completely misses you.
You hit the ogre.
The ogre is almost dead.
The ogre misses you.
You hit the ogre but do no damage. You squeeze the ogre.
You kill the ogre!
Your Conjurations skill increases to level 6!
You have reached level 6!
Your experience leads to an increase in your attributes!
Increase (S)trength, (I)ntelligence, or (D)exterity?
You feel clever.
Found a stone staircase leading up.
You pick up a book of Maledictions and begin reading...
You add the spells Ensorcelled Hibernation and Tukima's Dance to your library.
Done exploring.
Done exploring.
Done exploring.
Done exploring.
Done exploring.
Done exploring.
(D) Dungeon
Where to? (Enter - D:4, ? - help)
You see here a +0 giant club.
There is an open door here.
You see here an adder corpse.
There is an open door here.
There is a stone staircase leading down here.
You climb downwards.
Found a scroll labelled ELAEFR LUNEAGU.
There is a stone staircase leading up here.
A white imp comes into view.
Found a stone staircase leading up.
A white imp is nearby!
A white imp is nearby!
A white imp is nearby!
The magic dart hits the white imp.
The white imp is moderately wounded.
The white imp shouts, "Scamper hence, thou mammering idle-headed baggage!"
You hear a shout!
The white imp gestures at you. The puff of frost hits you!
The magic dart hits the white imp but does no damage.
The white imp is moderately wounded.
The magic dart hits the white imp.
The white imp is heavily wounded.
A centaur comes into view.
The magic dart hits the white imp.
The white imp is almost dead.
The white imp barely misses you.
The magic dart hits the white imp but does no damage.
The white imp is almost dead.
The white imp misses you.
The magic dart hits the white imp.
You kill the white imp!
There is a stone staircase leading up here.
The magic dart hits the centaur but does no damage.
The centaur misses you. The centaur kicks you.
The magic dart hits the centaur.
The centaur is moderately wounded.
The centaur hits you. The centaur closely misses you.
The magic dart hits the centaur.
The centaur is heavily wounded.
The centaur hits you. The centaur kicks you. The centaur hits you.
The centaur completely misses you.
You are too injured to fight recklessly!
You are too injured to fight recklessly!
You are too injured to fight recklessly!
You hit the centaur.
The centaur is heavily wounded.
The centaur closely misses you. x2
Casting: Magic Dart (safe; 1% risk of failure)
Confirm with . or Enter, or press ? or * to list all spells.
Aiming: Magic Dart (safe; 1% risk of failure)
Press: ? - help, Shift-Dir - straight line, f/p - centaur
Aim: a centaur, quivering arrows (heavily wounded, 100% to hit)
You miscast Magic Dart.
You are very lightly contaminated with residual magic.
Nothing appears to happen.
* * * LOW MAGIC WARNING * * *
The centaur hits you. The centaur completely misses you.
The centaur barely misses you. The centaur kicks you.
* * * LOW HITPOINT WARNING * * *
You hit the centaur.
The centaur is heavily wounded.
The centaur completely misses you. The centaur barely misses you.
You closely miss the centaur.
The centaur is heavily wounded.
The centaur hits you.
* * * LOW HITPOINT WARNING * * *
The centaur closely misses you. The centaur hits you!
* * * LOW HITPOINT WARNING * * *
The centaur barely misses you.
You aren't carrying any items that you can evoke.
It was a potion of lignification.
You turn into a tree.
Your +0 hat melds into your body.
Your roots penetrate the ground.
The centaur hits you but does no damage.
The centaur kicks you but does no damage.
You hit the centaur but do no damage.
The centaur is heavily wounded.
The centaur completely misses you.
The centaur kicks you but does no damage.
The centaur hits you but does no damage.
The centaur kicks you but does no damage.
You hit the centaur but do no damage.
The centaur is heavily wounded.
The centaur hits you but does no damage.
The centaur kicks you.
* * * LOW HITPOINT WARNING * * *
Casting: Magic Dart (safe; 1% risk of failure)
Confirm with . or Enter, or press ? or * to list all spells.
Aiming: Magic Dart (safe; 1% risk of failure)
Press: ? - help, Shift-Dir - straight line, f/p - centaur
Aim: a centaur, quivering arrows (heavily wounded, 100% to hit)
The magic dart hits the centaur.
The centaur is severely wounded.
* * * LOW MAGIC WARNING * * *
The centaur barely misses you.
The centaur kicks you but does no damage.
The centaur hits you.
* * * LOW HITPOINT WARNING * * *
The centaur kicks you but does no damage.
Your magical contamination has completely faded away.
Casting: Magic Dart (safe; 1% risk of failure)
Confirm with . or Enter, or press ? or * to list all spells.
Aiming: Magic Dart (safe; 1% risk of failure)
Press: ? - help, Shift-Dir - straight line, f/p - centaur
Aim: a centaur, quivering arrows (heavily wounded, 100% to hit)
The magic dart hits the centaur.
The centaur is almost dead.
* * * LOW MAGIC WARNING * * *
The centaur barely misses you.
The centaur kicks you but does no damage.
You hit the centaur.
The centaur is almost dead.
The centaur hits you but does no damage.
The centaur kicks you.
* * * LOW HITPOINT WARNING * * *
The centaur barely misses you.
The centaur kicks you but does no damage.
You hit the centaur.
You kill the centaur!
Your transformation is almost over.
You feel less wooden.
Your +0 hat unmelds from your body.
Magic restored.
Key pressed, stopping explore.
HP restored.
Things that are here:
a +0 shortbow; 18 arrows
j - 3 scrolls labelled ELAEFR LUNEAGU (gained 1)
There is a stone staircase leading up here.
A water moccasin skeleton comes into view.
A water moccasin skeleton is nearby!
The magic dart hits the water moccasin skeleton.
The water moccasin skeleton is lightly damaged.
The magic dart hits the water moccasin skeleton.
The water moccasin skeleton is moderately damaged.
The magic dart hits the water moccasin skeleton.
The water moccasin skeleton is moderately damaged.
The magic dart hits the water moccasin skeleton.
The water moccasin skeleton is heavily damaged.
The magic dart hits the water moccasin skeleton.
The water moccasin skeleton is severely damaged.
The magic dart hits the water moccasin skeleton.
The water moccasin skeleton is severely damaged.
The water moccasin skeleton misses you.
The magic dart hits the water moccasin skeleton.
The water moccasin skeleton is almost destroyed.
The water moccasin skeleton misses you.
You hit the water moccasin skeleton. You grab the water moccasin skeleton.
The water moccasin skeleton is almost destroyed.
You constrict the water moccasin skeleton.
The water moccasin skeleton misses you.
You hit the water moccasin skeleton.
The water moccasin skeleton is almost destroyed.
You constrict the water moccasin skeleton.
You destroy the water moccasin skeleton!
No target in view!
j - 4 scrolls labelled ELAEFR LUNEAGU (gained 1)
You open the door.
A centaur comes into view.
The centaur moves out of view.
There is an open door here.
You now have 196 gold pieces (gained 16).
There is an open door here.
A gargoyle comes into view. It is wielding a +0 mace.
Found Siuntoy's Assorted Antiques.
There is an open door here.
There is an open door here.
The centaur shouts!
The centaur unwields a +0 trident.
The centaur wields a +0 shortbow.
The centaur shoots an arrow.
The arrow completely misses you.
The centaur shoots an arrow.
The arrow closely misses you.
The centaur shoots an arrow.
The arrow closely misses you.
There is an open door here.
You hit the centaur but do no damage.
The centaur unwields a +0 shortbow.
The centaur wields a +0 trident.
The centaur hits you with a +0 trident!
The centaur kicks you but does no damage.
You hit the centaur but do no damage. The centaur hits you with a +0 trident!
* * * LOW HITPOINT WARNING * * *
The centaur barely misses you. The centaur hits you with a +0 trident!
* * * LOW HITPOINT WARNING * * *
The centaur barely misses you.
You hit the centaur.
The centaur is lightly wounded.
The centaur completely misses you.
The centaur kicks you but does no damage.
It was a potion of haste.
You feel yourself speed up. The centaur misses you.
The centaur closely misses you. The centaur hits you with a +0 trident!
You die...

##.#.#####
#........ #.#.#
#........ #..c#
#........ #.#.##
##.###'##
#....###########.#
#.#
#....'.##........#
#.#
#....#.##.##..####
#.#
#....#c##.....#
#.#
######@####...#
#.## #.##.....#
#.## #.##.#.#.#
#.## #.##.#....#
#.## #....#.####
#.## ######.# #...
### #####..
########....<#
.........###.#


You could see a centaur.

Vanquished Creatures
  An ogre (D:4)
  A centaur (D:5)
  A water moccasin skeleton (D:5)
  An iguana (D:4)
  A hound skeleton (D:4)
  6 adders
  A shadow imp (D:4)
  A white imp (D:5)
  A worm (D:4)
  A dart slug (D:3)
  2 orcs (D:3)
  8 ball pythons
  4 endoplasms
  8 goblins
  8 hobgoblins
  4 jackals (D:1)
  8 kobolds
  A quokka (D:3)
  A bat (D:2)
  3 frilled lizards
  5 rats
67 creatures vanquished.

Notes
Turn   | Place    | Note
-------+----------+-------------------------------------------
     0 | D:1      | sleeves the Octopode Hedge Wizard began the quest for the
                  | Orb.
     0 | D:1      | Reached XP level 1. HP: 11/11 MP: 4/4
   286 | D:1      | Reached skill level 2 in Conjurations
   286 | D:1      | Reached XP level 2. HP: 17/17 MP: 3/6
   372 | D:1      | Learned a level 2 spell: Blink
   727 | D:1      | HP: 7/17 [jackal (2)]
   732 | D:1      | Reached XP level 3. HP: 6/21 MP: 1/7
  1054 | D:1      | Found a faded altar of an unknown god.
  1227 | D:1      | Reached skill level 3 in Conjurations
  1358 | D:2      | Found a hide-covered altar of Uskayaw.
  1935 | D:2      | Found Taiver's Jewellery Emporium.
  2387 | D:3      | Learned a level 3 spell: Mephitic Cloud
  2437 | D:3      | Reached XP level 4. HP: 27/27 MP: 4/8
  2664 | D:3      | Reached skill level 4 in Conjurations
  3826 | D:4      | Reached XP level 5. HP: 29/31 MP: 2/9
  3905 | D:4      | Reached skill level 5 in Conjurations
  4222 | D:4      | Found an iron altar of Okawaru.
  4247 | D:4      | Noticed an ogre
  4273 | D:4      | Killed an ogre
  4274 | D:4      | Reached skill level 6 in Conjurations
  4274 | D:4      | Reached XP level 6. HP: 36/36 MP: 2/10
  4399 | D:5      | Entered Level 5 of the Dungeon
  4414 | D:5      | HP: 18/36 [centaur (1)]
  4416 | D:5      | HP: 7/36 [centaur (7)]
  4422 | D:5      | HP: 9/54 [centaur (1)]
  4802 | D:5      | Found Siuntoy's Assorted Antiques.
  4802 | D:5      | Noticed a gargoyle
  4823 | D:5      | HP: 13/36 [centaur (14)]
  4823 | D:5      | HP: 3/36 [centaur (10)]
  4825 | D:5      | Slain by a centaur

Illustrated notes

Levels and vault maps discovered:
D:1:      dpeg_arrival_castle, layout_rooms, dilly_ecumenical_altar_fadedgnrine,
          minmay_strange_pillars, minivault_4,
          hangedman_abyss_or_decor_lesser_grid
D:2:      layout_basic, serial_shops, shop, basic_altar
D:3:      layout_basic, grunt_ministairs_10, kennysheep_generic_room_12
D:4:      layout_basic, kennysheep_mini, roderic_serpentine_path
D:5:      layout_basic, serial_shops, shop_fountains, shop,
          nicolae_shop_crystal, minmay_shop_enchanted_jewellery, uniq_menkaure

Skill      XL: |  1  2  3  4  5 |
---------------+----------------+-----
Conjurations   | 2 3 4 6 |  6.7
Dodging        | |  2.0
Stealth        | |  2.6
Spellcasting   | |  3.0
Summonings     | |  1.0
Translocations | |  1.0

Action                   |  1- 3 |  4- 6 || total
-------------------------+-------+-------++-------
Melee: Dagger            |    26 |    46 ||    72
       Tentacles         |     7 |     5 ||    12
       Constrict         |     9 |     5 ||    14
 Cast: Magic Dart        |    89 |    91 ||   180
       Mephitic Cloud    |       |     1 ||     1
  Use: Potion            |       |     2 ||     2
 Stab: Sleeping          |       |     1 ||     1
Armor: Skin              |       |    14 ||    14
Dodge: Dodged            |    22 |    60 ||    82

Table legend: (Time is in decaauts)
 A = Elapsed time spent in this place.
 B = Non-inter-level travel time spent in this place.
 C = Inter-level travel time spent in this place.
 D = Time resting spent in this place.
 E = Time spent auto-exploring this place.
 F = Levels seen in this place.
 G = Mean time per level.
                   A        B        C        D        E       F      G
               +--------+--------+--------+--------+--------+-----+--------+
         Total |   4823 |   4748 |     75 |      0 |   4288 |   5 |  964.6 |
       Dungeon |   4823 |   4748 |     75 |      0 |   4288 |   5 |  964.6 |
               +--------+--------+--------+--------+--------+-----+--------+

Top non-repeatable levels by time:
     D:1: 1353 daAuts
     D:3: 1246 daAuts
     D:4: 990 daAuts
     D:2: 806 daAuts
     D:5: 425 daAuts
